[Event "*** Titled Tuesday Blitz"]
[Site "Chess.com"]
[Date "2019.01.01"]
[Round "4"]
[White "viktorko131"]
[Black "BillCoe"]
[Result "1-0"]
[WhiteElo "2082"]
[BlackElo "1991"]
[TimeControl "180+2"]
[EndTime "13:51:12 PST"]
[Termination "viktorko131 won by resignation"]

1. e4 c5 2. Nf3 e6 3. d4 cxd4 4.
Nxd4 a6 5. Nc3 Qc7 6. Bd3 Nf6 7. f4 d6 8. Qe2 Nbd7 9. g4 Nc5 10. g5 Nxd3+ 11.
cxd3 Nd7 12. Bd2 b5 13. Rc1 Qb8 14. Nd5 Ra7 15. Nc6 Qa8 16. Nxa7 Bb7 17. Nc7+ 1-0

[Event "*** Titled Tuesday Blitz"]
[Site "Chess.com"]
[Date "2019.01.01"]
[Round "4"]
[White "afgano29"]
[Black "albi1999"]
[Result "1-0"]
[WhiteElo "2646"]
[BlackElo "2468"]
[TimeControl "180+2"]
[EndTime "13:51:41 PST"]
[Termination "afgano29 won by resignation"]

1. d4 d5 2. c4 e6 3. Nf3 Nf6 4. g3 Bb4+ 5. Bd2 Bd6 6. Bg2 c6 7. O-O Nbd7 8. Nc3 O-O 9. e4 Nxe4 10. Nxe4 dxe4 11. Ng5 Be7 12. Nxe4 f5 13. Nc3 e5 14. d5 cxd5 15. Nxd5 Bc5 16. Bc3 Re8 17. b4 Bf8 18. c5 Nf6 19. Re1 Be6 20. Nxf6+ gxf6 21. Bxb7 Rb8 22. Qxd8 Rexd8 23. c6 Bd6 24. b5 Bc7 25. a4 Rd3 26. Rec1 Rbd8 27. a5 Bc4 28. Rab1 Ba2 29. b6 axb6 30. axb6 Bxb6 31. Rxb6 Rd1+ 32. Rxd1 Rxd1+ 33. Kg2 Bd5+ 34. Kh3 Bf3 35. c7 Bg4+ 36. Kh4 Rh1 37.
c8=Q+ Kg7 38. Bxh1 1-0

[Event "*** Titled Tuesday Blitz"]
[Site "Chess.com"]
[Date "2019.01.01"]
[Round "4"]
[White "SimonKnightRivendell"]
[Black "harperchesstt"]
[Result "0-1"]
[WhiteElo "1996"]
[BlackElo "2128"]
[TimeControl "180+2"]
[EndTime "13:51:45 PST"]
[Termination "harperchesstt won by resignation"]

1. d4 Nf6 2. Nf3 g6 3. c4 Bg7 4.
g3 O-O 5. Bg2 d6 6. O-O Nc6 7.
Nc3 e5 8. dxe5 Nxe5 9. Nxe5 dxe5 10. Bg5 Qxd1 11. Rfxd1 c6 12. Bxf6 Bxf6 13. Ne4 Be7 14. c5 Be6 15. Nd6 Rfb8 16. b4 a5 17. b5 Bxd6 18. Rxd6 cxb5 19. Rb6 b4 20. Bxb7 Ra7 21.
c6 Bc8 22. Rd1 Bxb7 23. c7 Rf8 24. Rd8 Bc8 25. Rc6 Rb7 26. Rc5 a4 27. Rxe5 Rxc7 28. Rxf8+ Kxf8 29. Rb5 Rb7 30. Ra5 b3 0-1

[Event "*** Titled Tuesday Blitz"]
[Site "Chess.com"]
[Date "2019.01.01"]
[Round "4"]
[White "Saitama_Hero"]
[Black "Bad4life"]
[Result "0-1"]
[WhiteElo "2381"]
[BlackElo "2338"]
[TimeControl "180+2"]
[EndTime "13:51:46 PST"]
[Termination "Bad4life won by checkmate"]

1. d4 Nf6 2. Nf3 g6 3. g3 Bg7 4. Bg2 O-O 5. O-O d6 6. b3 Nbd7 7. Bb2 c6 8. c4 Re8 9. d5 Nc5 10.
Nd4 cxd5 11. cxd5 Bf5 12. Nc3 Qd7 13. Re1 Bh3 14. Bh1 Rac8 15. Qd2 h5 16. e4 Ng4 17. Rad1 a5 18. f4 Na6 19. Bf3 Qc7 20. Na4 Nb4 21.
a3 Nc2 22. Rc1 Nxe1 23. Bxg4 Qxc1 24. Bxc1 Rxc1 25. Qxc1 Bxd4+ 26. Kh1 Bg2# 0-1

[Event "*** Titled Tuesday Blitz"]
[Site "Chess.com"]
[Date "2019.01.01"]
[Round "4"]
[White "essequamvideris"]
[Black "Kawhi_Leonard2"]
[Result "1-0"]
[WhiteElo "2374"]
[BlackElo "2258"]
[TimeControl "180+2"]
[EndTime "13:51:57 PST"]
[Termination "essequamvideris won by resignation"]

1. Nf3 Nf6 2. g3 e6 3. Bg2 d5 4. O-O Be7 5. c4 O-O 6. cxd5 exd5 7. d4 Bf5 8. Nc3 c6 9. Bf4 h6 10. Rc1 Na6 11. Ne5 Bd6 12. f3 Re8 13. e4 Bh7 14. Qb3 Qe7 15. exd5 Nxd5 16. Nxd5 cxd5 17. a3 Rad8 18.
Rfe1 Bxe5 19. Rxe5 Qd7 20. Rxe8+ Rxe8 21. Bf1 g5 22. Bb5 Qe6 23. Bxe8 gxf4 24. Bb5 1-0

[Event "*** Titled Tuesday Blitz"]
[Site "Chess.com"]
[Date "2019.01.01"]
[Round "4"]
[White "NCchamp"]
[Black "TheoSlade"]
[Result "1-0"]
[WhiteElo "2194"]
[BlackElo "2079"]
[TimeControl "180+2"]
[EndTime "13:52:01 PST"]
[Termination "NCchamp won by resignation"]

1. c4 e6 2. Nc3 Nf6 3. e4 d5 4. e5 d4 5. exf6 dxc3 6. dxc3 Qxd1+ 7. Kxd1 gxf6 8. Bd3 b6 9. Be4 c6 10. Ne2 Bb7 11. Nd4 f5 12. Bf3 Bg7 13. Kc2 O-O 14. Bg5 h6 15. Bh4 Rc8 16. b4 Na6 17. b5 Bxd4 18. bxa6 Bxa6 19. cxd4 Bxc4 20. Rhc1 Bd5 21. Bxd5 cxd5+ 22. Kd2 Rc4 23. Rxc4 dxc4 24. Kc3 b5 25. a4 Rb8 26. axb5 Rxb5 27. Rxa7 1-0

[Event "*** Titled Tuesday Blitz"]
[Site "Chess.com"]
[Date "2019.01.01"]
[Round "4"]
[White "Chessialist"]
[Black "sergiochess83"]
[Result "0-1"]
[WhiteElo "2527"]
[BlackElo "2767"]
[TimeControl "180+2"]
[EndTime "13:52:07 PST"]
[Termination "sergiochess83 won by resignation"]

1. e4 c5 2. Nf3 d6 3. d4 cxd4 4. Qxd4 Nf6 5. e5 Nc6 6. Bb5 Nd7 7. Bxc6 bxc6 8. exd6 exd6 9. Bf4 Nc5 10. Nc3 Ne6 11.
Qd2 Be7 12. Bg3 O-O 13. O-O d5 14. Nd4 Qb6 15. Nf5 Bg5 16. Qd3 Ba6 17. Qf3 Bxf1 18. Rxf1 Qxb2 19. h4 Bf6 20. Ne2 Qxc2 21. Qg4 g6 22.
Ne3 Qe4 23. Qh3 h5 24. Bd6 Rfe8 25. Ng3 Qxh4 0-1

[Event "*** Titled Tuesday Blitz"]
[Site "Chess.com"]
[Date "2019.01.01"]
[Round "4"]
[White "maziarbagheri"]
[Black "Qingdom"]
[Result "1-0"]
[WhiteElo "2360"]
[BlackElo "2157"]
[TimeControl "180+2"]
[EndTime "13:52:09 PST"]
[Termination "maziarbagheri won by resignation"]

1. d4 Nf6 2. c4 c5 3. d5 e6 4. Nc3 exd5 5. cxd5 d6 6. e4 g6 7. Bb5+ Nbd7 8. e5 dxe5 9. d6 a6 10. Ba4 b5 11. Bc2 Bb7 12. Nf3 Qb6 13. O-O Qxd6 14. Qe2 Bg7 15. Rd1 Qe7 16. Bg5 O-O 17. Nd5 Bxd5 18.
Rxd5 h6 19. Bxf6 Bxf6 20. Rad1 Rad8 21. h4 Kg7 22. h5 Nb6 23. Rxd8 Rxd8 24. hxg6 Rxd1+ 25.
Qxd1 fxg6 26. Qd3 Qf7 27. Qd6 Nc4 28. Qxa6 Nxb2 29. Qxb5 Qxa2 30. Qb7+ Kf8 31. Bxg6 Be7 32. Nxe5 Nc4 33. Qf3+ 1-0

[Event "*** Titled Tuesday Blitz"]
[Site "Chess.com"]
[Date "2019.01.01"]
[Round "4"]
[White "MFguimaraes"]
[Black "Berardino"]
[Result "0-1"]
[WhiteElo "2318"]
[BlackElo "2417"]
[TimeControl "180+2"]
[EndTime "13:52:10 PST"]
[Termination "Berardino won by checkmate"]

1. e4 c5 2. Nf3 b6 3. d3 Bb7 4. Nbd2 e6 5. g3 Nf6 6. Bg2 d5 7. e5 Nfd7 8. c4 d4 9. O-O Qc7 10. Qe2 Nc6 11. Re1 Be7 12. h4 h6 13. a3 g5 14. h5 g4 15. Nh2 Ncxe5 16. Nxg4 Bxg2 17. Kxg2 Qc6+ 18. Kh2 Nxg4+ 19. Qxg4 O-O-O 20. Qe4 Qxe4 21. Nxe4 Ne5 22. Rd1 f5 23. Nd2 Nxd3 24. Kg2 e5 25. f3 Rdg8 26. b4 Bg5 27. bxc5 bxc5 28. Kh2 Be3 29. a4 Rg5 30. Ba3 Rhg8 31. Nf1 Rxh5+ 32. Kg2 Nf4# 0-1

[Event "*** Titled Tuesday Blitz"]
[Site "Chess.com"]
[Date "2019.01.01"]
[Round "4"]
[White "Alopekos"]
[Black "BartoszSocko"]
[Result "0-1"]
[WhiteElo "2469"]
[BlackElo "2670"]
[TimeControl "180+2"]
[EndTime "13:52:40 PST"]
[Termination "BartoszSocko won by resignation"]

1. e4 e6 2. d4 d5 3. Nc3 Bb4 4. e5 Ne7 5. a3 Bxc3+ 6. bxc3 c5 7.
Qg4 Kf8 8. Nf3 Qa5 9. Bd2 Qa4 10. Ra2 b6 11. h4 h6 12. h5 Ba6 13. Bxa6 Qxa6 14.
Qf4 Nbc6 15. g4 Ke8 16. Rh3 Rc8 17. dxc5 bxc5 18. Nh4 d4 19. Rf3 Rf8 20. Ng6 Nxg6 21. hxg6 f6 22. exf6 Rxf6 23. Qe4 Rxf3 24. Qxe6+ Kf8 25.
Qd6+ Kg8 26. Qd5+ Kh8 27. Qxf3 Re8+ 28. Be3 0-1

[Event "*** Titled Tuesday Blitz"]
[Site "Chess.com"]
[Date "2019.01.01"]
[Round "4"]
[White "KRASAVCHIK2002"]
[Black "Caminator2000"]
[Result "0-1"]
[WhiteElo "2262"]
[BlackElo "2385"]
[TimeControl "180+2"]
[EndTime "13:52:43 PST"]
[Termination "Caminator2000 won by resignation"]

1. Nf3 d5 2. g3 Nf6 3. Bg2 c6 4. O-O Bf5 5. b3 Nbd7 6. Bb2 e6 7. c4 Bd6 8. d3 O-O 9. Nbd2 h6 10. Qc2 Bh7 11.
Rad1 Qe7 12. Rfe1 e5 13. e4 dxe4 14. dxe4 Ba3 15. Bxa3 Qxa3 16. Qc3 Rad8 17. Nh4 Nc5 18. Nb1 Qxa2 19. Rxd8 Rxd8 20. b4 Nd3 21. Rf1 Nxf2 22. Qxe5 N6g4 23. Qc7 Nh3+ 24. Kh1 Ngf2+ 25. Rxf2 Nxf2+ 26. Kg1 Rd1+ 27. Bf1 Nh3+ 0-1

[Event "*** Titled Tuesday Blitz"]
[Site "Chess.com"]
[Date "2019.01.01"]
[Round "4"]
[White "VeraNebolsina"]
[Black "chedimir"]
[Result "1-0"]
[WhiteElo "2360"]
[BlackElo "2362"]
[TimeControl "180+2"]
[EndTime "13:52:46 PST"]
[Termination "VeraNebolsina won by resignation"]

1. e4 c5 2. Nc3 e6 3. Nf3 Nc6 4. Bb5 Nd4 5. O-O Nxb5 6. Nxb5 Nf6 7. e5 Nd5 8. c4 a6 9. cxd5 axb5 10. d6 g6 11. d4 Bg7 12. dxc5 f6 13. b4 O-O 14.
Bb2 b6 15. Qe2 Bb7 16. a3 Bxf3 17. Qxf3 fxe5 18. Qe2 bxc5 19. bxc5 Qc8 20. Rac1 Qc6 21. Rfd1 Rf5 22. f3 Ra4 23. Rd3 e4 24. fxe4 Rxe4 25.
Qc2 Bxb2 26. Qxb2 Rxc5 27. Rf1 Rc2 28. Qf6 Rxg2+ 29. Kh1 Rf4 30. Qd8+ Kg7 31. Qe7+ Kh6 32. Rh3+ 1-0

[Event "*** Titled Tuesday Blitz"]
[Site "Chess.com"]
[Date "2019.01.01"]
[Round "4"]
[White "JoakimVonAnd"]
[Black "Siemba"]
[Result "0-1"]
[WhiteElo "2338"]
[BlackElo "2109"]
[TimeControl "180+2"]
[EndTime "13:52:47 PST"]
[Termination "Siemba won by resignation"]

1. d4 Nf6 2. c4 g6 3. Nc3 Bg7 4. e4 d6 5. Be2 O-O 6. Be3 c5 7.
e5 Nfd7 8. exd6 exd6 9. d5 Re8 10. Nf3 a6 11. O-O Ne5 12. Bf4 Nbd7 13. a4 Nxf3+ 14.
Bxf3 Ne5 15. Be2 Bd7 16. Re1 Rb8 17. a5 b5 18. axb6 Rxb6 19. Qc1 Qb8 20. Ra2 Bf5 21. Bf1 Nd3 22. Rxe8+ Qxe8 23. Bxd3 Bxd3 24. Na4 Rb4 25. Bxd6 Rxa4 26. Rxa4 Qxa4 27. Bxc5 Qxc4 28. Qe3 Qe4 29. d6 Qxe3 30. fxe3 Bb5 31. b4 Bf6 32. Kf2 Bd7 33. Kf3 Kf8 34. e4 Ke8 35. Kf4 Kd8 36. e5 Bg7 37. h4 h5 38. g3 Bh6+ 39. Kf3 Bc6+ 40. Kf2 Kd7 41. Be3 Bg7 42. Bf4 Ke6 43. Ke3 Bxe5 44.
Bxe5 Kxe5 0-1

[Event "*** Titled Tuesday Blitz"]
[Site "Chess.com"]
[Date "2019.01.01"]
[Round "4"]
[White "northridgehawk"]
[Black "aRk_iN"]
[Result "1-0"]
[WhiteElo "2252"]
[BlackElo "2121"]
[TimeControl "180+2"]
[EndTime "13:52:49 PST"]
[Termination "northridgehawk won by resignation"]

1. e4 c6 2. d4 d5 3. e5 Bf5 4. Nc3 h6 5. g4 Bd7 6. f4 h5 7. gxh5 Nh6 8. Be2 Nf5 9. Nf3 Rxh5 10. Ng5 Rh8 11. e6 Bxe6 12. Nxe6 fxe6 13. Bh5+ Kd7 14. Bf3 Kc7 15. Qd3 Qd6 16. Bd2 Nd7 17. Bxd5 Nxd4 18. Be4 Nf6 19. O-O-O Rd8 20. Be3 c5 21. Bxd4 1-0

[Event "*** Titled Tuesday Blitz"]
[Site "Chess.com"]
[Date "2019.01.01"]
[Round "4"]
[White "vladimirdamjanovic"]
[Black "BogdanDeac"]
[Result "0-1"]
[WhiteElo "2604"]
[BlackElo "2750"]
[TimeControl "180+2"]
[EndTime "13:52:57 PST"]
[Termination "BogdanDeac won on time"]

1. d4 Nf6 2. Nf3 d5 3. c4 e6 4. Nc3 Bb4 5. Qa4+ Nc6 6. Bg5 h6 7. Bxf6 Qxf6 8. e3 O-O 9. Be2 Rd8 10. O-O Bf8 11. cxd5 exd5 12. a3 Ne7 13. Ne5 c6 14. f4 Nf5 15. Rf3 Nh4 16. Rf2 Qe7 17. g3 Nf5 18. Rf3 Qe8 19. g4 Nh4 20. Rh3 Be7 21. Rf1 f6 22. Nxc6 bxc6 23. Rxh4 f5 24. Rh3 fxg4 25.
Rg3 Bh4 26. Kf2 Qe6 27. e4 Rb8 28. Qc2 dxe4 29. Nxe4 Rxd4 30. Nd2 Rxf4+ 31. Ke1 Bxg3+ 32. hxg3 Ba6 0-1

[Event "*** Titled Tuesday Blitz"]
[Site "Chess.com"]
[Date "2019.01.01"]
[Round "4"]
[White "Paralinch"]
[Black "DryCounty"]
[Result "1-0"]
[WhiteElo "2913"]
[BlackElo "2725"]
[TimeControl "180+2"]
[EndTime "13:53:00 PST"]
[Termination "Paralinch won by resignation"]

1. e4 e5 2. Nf3 Nc6 3. Nc3 Nf6 4. a3 Bc5 5. Nxe5 Nxe5 6. d4 Bd6 7. f4 Nc6 8. e5 Be7 9. d5 Nb8 10. d6 cxd6 11. exf6 Bxf6 12. Nd5 O-O 13. Be2 Nc6 14. c3 g6 15. O-O Bg7 16. f5 Be5 17. f6 Re8 18.
Qd2 Re6 19. Qh6 Bxf6 20. Rxf6 Rxe2 21. Bg5 Qf8 22. Qxf8+ Kxf8 23. Raf1 Ne5 24. Bh6+ Ke8 25. Nc7+ Kd8 26. Nxa8 b5 27. Bg5 Ke8 28. Nc7+ Kf8 29. R6f2 Re4 30. Nxb5 Ba6 31. Nxd6 Rg4 32. Rxf7+ Nxf7 33. Rxf7+ Kg8 34. Bh6 1-0

[Event "*** Titled Tuesday Blitz"]
[Site "Chess.com"]
[Date "2019.01.01"]
[Round "4"]
[White "S2PAc"]
[Black "FightingChess"]
[Result "0-1"]
[WhiteElo "2839"]
[BlackElo "2266"]
[TimeControl "180+2"]
[EndTime "13:53:00 PST"]
[Termination "FightingChess won on time"]

1. d4 d5 2. g3 Nf6 3. Bg2 c6 4. Nf3 Bf5 5. O-O Nbd7 6. c4 e6 7. Nc3 Be7 8. h3 O-O 9. g4 Bg6 10. Qb3 Qb6 11. c5 Qxb3 12. axb3 a6 13. b4 Ne4 14. Bf4 f6 15. Rfd1 Rae8 16. e3 Bd8 17. Nxe4 Bxe4 18. Bd6 Be7 19. Bxe7 Rxe7 20. Nd2 Bxg2 21.
Kxg2 e5 22. Nb3 Rfe8 23. Na5 Nf8 24. dxe5 fxe5 25. Ra3 e4 26. Nb3 Ng6 27. Nd4 Ne5 28. Nf5 Rd7 29. Nd6 Rf8 30. Rc3 g6 31. Rd4 h5 32.
gxh5 gxh5 33. Rc1 Rg7+ 34. Kh1 Rxf2 0-1

[Event "*** Titled Tuesday Blitz"]
[Site "Chess.com"]
[Date "2019.01.01"]
[Round "4"]
[White "M1711"]
[Black "MasterKroket"]
[Result "0-1"]
[WhiteElo "2529"]
[BlackElo "2459"]
[TimeControl "180+2"]
[EndTime "13:53:01 PST"]
[Termination "MasterKroket won by resignation"]

1. b3 e5 2. Bb2 Nc6 3. e3 Nf6 4.
Bb5 d6 5. d4 exd4 6. Qxd4 Bd7 7. Qh4 Be7 8. Nf3 O-O 9. O-O Ne8 10. Qg3 Bf6 11. Bxf6 Qxf6 12. Nbd2 a6 13. Be2 Qc3 14. Rac1 Nf6 15. Qh4 Rfe8 16. Rfd1 Ne5 17. Nxe5 Rxe5 18. Nf3 Re4 19. Qg3 Rg4 20. Qh3 Rd4 21. Qg3 Rxd1+ 22. Bxd1 Qb2 23. Be2 Qxc1+ 24. Bf1 Qxc2 25. h3 Bb5 26.
Bxb5 axb5 27. Nd4 Qb1+ 28. Kh2 Rxa2 29. Qg5 Qg6 30. Qf4 Nd5 31. Qf3 c6 32. Nf5 Qf6 33.
e4 Ne7 34. g3 Nxf5 35. exf5 g6 0-1

[Event "*** Titled Tuesday Blitz"]
[Site "Chess.com"]
[Date "2019.01.01"]
[Round "4"]
[White "Matibar"]
[Black "attack2mateU"]
[Result "1-0"]
[WhiteElo "2802"]
[BlackElo "2615"]
[TimeControl "180+2"]
[EndTime "13:53:04 PST"]
[Termination "Matibar won by resignation"]

1. e4 c5 2. Nf3 d6 3. c3 Nf6 4.
Bd3 Nc6 5. Bc2 Bg4 6. d3 e6 7.
Nbd2 Be7 8. h3 Bh5 9. Qe2 O-O 10.
Nf1 b5 11. Ng3 Bg6 12. a3 a5 13. O-O b4 14. Ba4 Qc7 15. Bd2 bxc3 16. bxc3 d5 17. Rfb1 c4 18. dxc4 dxe4 19. Bxc6 Qxc6 20. Ne5 Qa4 21.
Nxg6 hxg6 22. Nxe4 Nxe4 23. Qxe4 Rac8 24. Qb7 Bf6 25.
Qb5 Rxc4 26. Qxa4 Rxa4 27. Rb3 Rc8 28. Kf1 Rac4 29. Rb5 a4 30. Rb4 Bxc3 31. Rxc4 Rxc4 32. Rc1 1-0

[Event "*** Titled Tuesday Blitz"]
[Site "Chess.com"]
[Date "2019.01.01"]
[Round "4"]
[White "GadimbayliA"]
[Black "Hikaru"]
[Result "0-1"]
[WhiteElo "2773"]
[BlackElo "3055"]
[TimeControl "180+2"]
[EndTime "13:53:11 PST"]
[Termination "Hikaru won by resignation"]

1. e4 d5 2. exd5 Qxd5 3. Nc3 Qd8 4. d4 Nf6 5. Nf3 g6 6. g3 Bg7 7.
Bg2 O-O 8. O-O c6 9. Re1 Nbd7 10. Bg5 h6 11. Bf4 Nb6 12. Qc1 Kh7 13. a4 a5 14.
Rd1 Bg4 15. h3 Be6 16. Ne5 Qc8 17. Kh2 Rd8 18. b3 Nbd5 19. Nxd5 Nxd5 20. Bd2 Qc7 21. c4 Nb4 22. Bf4 g5 23. Bd2 Rxd4 24. Nf3 Rd7 25. Re1 Bf5 26. Bxb4 axb4 27. Ra2 e5 28. Rae2 Re8 29.
h4 g4 30. Nd2 Bg6 31. Be4 Bxe4 32. Nxe4 f5 33. Nc5 Rd4 34. Qc2 e4 35. Qc1 Qb6 0-1

[Event "*** Titled Tuesday Blitz"]
[Site "Chess.com"]
[Date "2019.01.01"]
[Round "4"]
[White "nurmiTV"]
[Black "Rashad_Zeynalli"]
[Result "1-0"]
[WhiteElo "2614"]
[BlackElo "2422"]
[TimeControl "180+2"]
[EndTime "13:53:14 PST"]
[Termination "nurmiTV won by resignation"]

1. c4 Nf6 2. g3 g6 3. Bg2 Bg7 4. Nc3 O-O 5. e4 d6 6. Nge2 e5 7. O-O Nc6 8. h3 Nh5 9. d3 Be6 10. Kh2 Qd7 11. f4 exf4 12. Nxf4 Nxf4 13. Bxf4 Ne5 14.
Qd2 c6 15. b3 b5 16. d4 Nxc4 17. bxc4 Bxc4 18. Rf2 c5 19. Be3 Qc7 20. Rc1 Rfe8 21.
dxc5 dxc5 22. Nd5 Qd6 23. Nf6+ Qxf6 24. Rxf6 Bxf6 25. Bxc5 Rad8 26. Qf2 Bg5 27. Be3 Be7 28. Bf1 Rc8 29. Bxc4 bxc4 30. Bxa7 c3 31. Bd4 Bb4 32. Qf6 Kf8 33. Bxc3 1-0

[Event "*** Titled Tuesday Blitz"]
[Site "Chess.com"]
[Date "2019.01.01"]
[Round "4"]
[White "Raffael89"]
[Black "Blagorod"]
[Result "1-0"]
[WhiteElo "2203"]
[BlackElo "2093"]
[TimeControl "180+2"]
[EndTime "13:53:15 PST"]
[Termination "Raffael89 won by resignation"]

1. e4 e5 2. Nf3 Nf6 3. Nxe5 d6 4. Nf3 Nxe4 5. Qe2 Qe7 6. d3 Nf6 7. Bg5 Be6 8. Nc3 h6 9. Bh4 g5 10. Bg3 Nc6 11. O-O-O O-O-O 12. d4 Nd5 13. Nxd5 Bxd5 14. Qxe7 Nxe7 15. c4 Bxf3 16. gxf3 f5 17. f4 g4 18. h3 Bg7 19. d5 h5 20. hxg4 hxg4 21. Bd3 Kd7 22.
Bh4 Rdf8 23. Rde1 Ng6 24. Bg5 Rxh1 25. Rxh1 Bd4 26. Rh6 Nh8 27. Bh4 c6 28. Rh7+ Kc8 29.
b3 Ng6 30. Bg3 a5 31. Rh6 Rf6 32. Rxg6 Rxg6 33. Bxf5+ Kd8 34. Bxg6 cxd5 35. cxd5 Ke7 36.
Bf5 1-0

[Event "*** Titled Tuesday Blitz"]
[Site "Chess.com"]
[Date "2019.01.01"]
[Round "4"]
[White "jcibarra"]
[Black "vovachesss"]
[Result "1-0"]
[WhiteElo "2733"]
[BlackElo "2492"]
[TimeControl "180+2"]
[EndTime "13:53:18 PST"]
[Termination "jcibarra won on time"]

1. e4 c6 2. Nc3 d5 3. Qe2 dxe4 4.
Nxe4 Nf6 5. d3 Nxe4 6. dxe4 e5 7. Nf3 Bd6 8. Bd2 Qe7 9. O-O-O O-O 10. g4 Be6 11. Kb1 a5 12. h4 b5 13. g5 a4 14. Bh3 Bc4 15. Qe1 b4 16. Bc1 b3 17.
Qc3 Be2 18. Rdg1 Bb4 19. Qe3 bxc2+ 20. Kxc2 Bc4 21. a3 Bc5 22. Qc3 Bb3+ 23. Kb1 Na6 24.
Nxe5 Bxf2 25. Rf1 Bb6 26. Bf5 Rad8 27. Nxc6 Qb7 28. Nxd8 Rxd8 29. h5 Nc5 30. h6 f6 31.
Bxh7+ 1-0

[Event "*** Titled Tuesday Blitz"]
[Site "Chess.com"]
[Date "2019.01.01"]
[Round "4"]
[White "jmduque"]
[Black "yobdc"]
[Result "1-0"]
[WhiteElo "2215"]
[BlackElo "2127"]
[TimeControl "180+2"]
[EndTime "13:53:23 PST"]
[Termination "jmduque won by resignation"]

1. e4 c5 2. Nf3 Nc6 3. d4 cxd4 4. Nxd4 Nf6 5. Nc3 d6 6. Bg5 e6 7. Qd2 a6 8. O-O-O Be7 9. f4 Nxd4 10. Qxd4 b5 11. e5 dxe5 12. Qxe5 Qb6 13. Bd3 h6 14. Bh4 Bb7 15. Ne4 Ng4 16. Qxg7 Bxh4 17. Nd6+ Ke7 18.
Qxf7+ Kxd6 19. Bc4+ Kc5 20. Bxe6 Nf2 21. Qf5+ Kb4 22.
a3+ Ka5 23. b4+ Ka4 24. Kb2 Nxd1+ 25. Rxd1 Bd5 26. Bxd5 Qf6+ 27. Qxf6 Bxf6+ 28. Ka2 1-0

[Event "*** Titled Tuesday Blitz"]
[Site "Chess.com"]
[Date "2019.01.01"]
[Round "4"]
[White "pultineviciuspaulius"]
[Black "biostatistician"]
[Result "1-0"]
[WhiteElo "2608"]
[BlackElo "2459"]
[TimeControl "180+2"]
[EndTime "13:53:27 PST"]
[Termination "pultineviciuspaulius won on time"]

1. d4 Nf6 2. Nf3 g6 3. Bf4 Bg7 4. Nbd2 O-O 5. e3 b6 6. h3 Bb7 7. Bd3 c5 8. c3 d6 9. O-O Qc7 10. Qe2 Nbd7 11. a4 Rfe8 12. a5 e5 13. dxe5 dxe5 14.
Bh2 Qd8 15. Bc4 Qe7 16. Rfd1 h6 17. Bb5 e4 18. Ne1 Red8 19. Nc4 Nf8 20. axb6 axb6 21. Nxb6 Rxa1 22. Rxa1 Qe6 23. Bc7 Rd3 24. Nxd3 exd3 25. Qxd3 Ne8 26. Bxe8 Qxe8 27. f3 Qc6 28. Bd8 Ne6 29.
Rd1 Kh7 30. Qd7 Nxd8 31. Qxd8 Be5 32. Qe7 Qxb6 33. Qxf7+ Bg7 34. Rd7 1-0

[Event "*** Titled Tuesday Blitz"]
[Site "Chess.com"]
[Date "2019.01.01"]
[Round "4"]
[White "florianschwabeneder"]
[Black "pandamaster3000"]
[Result "1-0"]
[WhiteElo "2445"]
[BlackElo "2206"]
[TimeControl "180+2"]
[EndTime "13:53:28 PST"]
[Termination "florianschwabeneder won by checkmate"]

1. Nf3 Nf6 2. b3 d6 3. Bb2 Nc6 4. d4 d5 5. e3 Bg4 6. Nbd2 e6 7. h3 Bh5 8. c4 Bb4 9. a3 Bxd2+ 10. Qxd2 Ne4 11.
Qc2 Bg6 12. Bd3 O-O 13. O-O Ne7 14. Ne5 Nf6 15. Nxg6 hxg6 16. f3 Nf5 17. Rfe1 Rc8 18. Qf2 dxc4 19. bxc4 c5 20. Rad1 cxd4 21. exd4 Qc7 22.
g4 Nd6 23. Rc1 Rfd8 24. Kg2 Qb6 25. c5 Qc7 26. cxd6 Qxd6 27. Rxc8 Rxc8 28. Rc1 Rd8 29. Be4 b6 30. Qg3 Qe7 31. Qc7 Rd7 32. Qc8+ Kh7 33.
Qc2 Qd6 34. h4 Qf4 35. Qe2 e5 36. Rc2 exd4 37. h5 Nxe4 38. hxg6+ fxg6 39. Qxe4 Qg5 40. Kg3 d3 41. Rh2+ Kg8 42. Qe8# 1-0

[Event "*** Titled Tuesday Blitz"]
[Site "Chess.com"]
[Date "2019.01.01"]
[Round "4"]
[White "G_Threepwood"]
[Black "Shahinyan_ChessMood"]
[Result "1/2-1/2"]
[WhiteElo "2492"]
[BlackElo "2689"]
[TimeControl "180+2"]
[EndTime "13:53:33 PST"]
[Termination "Game drawn by repetition"]

1. e4 e6 2. d4 d5 3. Nd2 Nc6 4. Ngf3 Nf6 5. e5 Nd7 6. Bd3 Nb4 7. Be2 c5 8. c3 Nc6 9. Bd3 Be7 10. O-O O-O 11.
Re1 a6 12. Nf1 b5 13. Ng3 b4 14. Qc2 h6 15. Qe2 Re8 16. Nh5 Nf8 17. h4 bxc3 18.
bxc3 cxd4 19. cxd4 a5 20. Bxh6 gxh6 21. Qe3 Ng6 22.
Rac1 Nb4 23. Bxg6 fxg6 24. Qxh6 gxh5 25. Qg6+ Kf8 26. Qh6+ Kg8 27. Qg6+ Kf8 28. Qh6+ Kg8 29. Qg6+ Kf8 30. Qh6+ Kg8 1/2-1/2

[Event "*** Titled Tuesday Blitz"]
[Site "Chess.com"]
[Date "2019.01.01"]
[Round "4"]
[White "Anahita_Gholami"]
[Black "kacprekt"]
[Result "1-0"]
[WhiteElo "2697"]
[BlackElo "2379"]
[TimeControl "180+2"]
[EndTime "13:53:36 PST"]
[Termination "Anahita_Gholami won by checkmate"]

1. d4 Nf6 2. c4 g6 3. Nc3 d5 4. cxd5 Nxd5 5. Bd2 Bg7 6. e4 Nxc3 7. Bxc3 Nc6 8. d5 Bxc3+ 9. bxc3 Na5 10. h4 h5 11. Qd4 O-O 12. Be2 b6 13. g4 c5 14. Qe3 Bxg4 15. Bxg4 hxg4 16. h5 Kg7 17.
hxg6 Rh8 18. Rxh8 Qxh8 19. gxf7 Kxf7 20. O-O-O Nc4 21. Qf4+ Qf6 22. Ne2 Qxf4+ 23. Nxf4 Kf6 24. Nd3 Rg8 25. Rg1 Ne5 26. Kc2 Nxd3 27. Kxd3 Ke5 28.
Ke3 b5 29. Rg3 b4 30. f4+ Kd6 31. c4 Rh8 32. e5+ Kd7 33. Rxg4 Rh3+ 34. Ke4 Rh2 35. Rg7 Rxa2 36. d6 b3 37. Rxe7+ Kd8 38. Rb7 b2 39. Kd5 Kc8 40. Rb3 a5 41. Kc6 a4 42. d7+ Kd8 43. Rb8+ Ke7 44. d8=Q+ Ke6 45. Qf6# 1-0

[Event "*** Titled Tuesday Blitz"]
[Site "Chess.com"]
[Date "2019.01.01"]
[Round "4"]
[White "Morshynska"]
[Black "Lennis93"]
[Result "1-0"]
[WhiteElo "2088"]
[BlackElo "2145"]
[TimeControl "180+2"]
[EndTime "13:53:36 PST"]
[Termination "Morshynska won by checkmate"]

1. d4 e6 2. c4 Nf6 3. Nc3 Bb4 4. Qc2 d5 5. a3 Bxc3+ 6. Qxc3 c5 7. dxc5 O-O 8. Bg5 d4 9. Qd2 h6 10. Bxf6 Qxf6 11.
Nf3 e5 12. e3 dxe3 13. Qxe3 e4 14. Nd4 Nc6 15. Rd1 Bg4 16. Rd2 Rad8 17. Nxc6 bxc6 18.
h3 Bh5 19. Be2 Rxd2 20. Qxd2 Rd8 21. Qc2 e3 22. fxe3 Qh4+ 23. Kf1 Bg6 24. Qc3 Qg3 25. h4 Be4 26. Rg1 Qxh4 27. b4 Re8 28. Bf3 Rd8 29. Be2 Qg3 30. b5 h5 31. b6 a6 32. a4 h4 33. b7 h3 34. gxh3 Qxh3+ 35. Ke1 Qh4+ 36. Kf1 Bf5 37. Qxg7# 1-0

[Event "*** Titled Tuesday Blitz"]
[Site "Chess.com"]
[Date "2019.01.01"]
[Round "4"]
[White "novocane"]
[Black "nitpicker"]
[Result "0-1"]
[WhiteElo "2134"]
[BlackElo "2207"]
[TimeControl "180+2"]
[EndTime "13:53:37 PST"]
[Termination "nitpicker won on time"]

1. d4 Nf6 2. c4 e6 3. Nc3 Bb4 4. e3 O-O 5. Ne2 d5 6. a3 Bd6 7.
Nf4 c6 8. Bd3 b6 9. O-O Nbd7 10.
cxd5 cxd5 11. Qf3 Bb7 12. Bd2 a6 13. Qh3 Qe7 14. Rfe1 b5 15. g4 g6 16. e4 Nxe4 17.
Nxe4 dxe4 18. Bxe4 Bxe4 19. Rxe4 Nb6 20. Rae1 Qf6 21.
d5 exd5 22. Bc3 Qg5 23. Rd4 Bxf4 0-1